 Dungeon Crawl Stone Soup version 0.31.0-32-g396128a36d (webtiles) character file.

Game seed: 9692179056926610857

603 Glalom the Magician (level 7, -6/54 HPs)
             Began as a Djinni Fire Elementalist on Mar 28, 2024.
             Killed themself with a badly aimed concussive blast (10 damage)
             ... on level 5 of the Dungeon.
             The game lasted 00:15:39 (3161 turns).

Glalom the Magician (Djinni Fire Elementalist)      Turns: 3161, Time: 00:15:39

Health: -6/54      AC:  2    Str:  7    XL:     7   Next: 70%
Gold:   294        EV: 12    Int: 25    God:
                   SH:  5    Dex: 13

rFire   + + .        (no weapon)
rCold   x . .        (no shield)
rNeg    . . .        a - +0 robe
rPois   ∞            (no helmet)
rElec   .            (no cloak)
rCorr   .            (no gloves)
SInv    .            (boots unavailable)
Will    .....        m - amulet of reflection
Stlth   ++           h - +6 ring of intelligence
HPRegen 0.29/turn    (no ring)
MPRegen 0.00/turn

%: reflection, infuse magic (-7 HP)
@: flying, very slightly contaminated
A: sickness immunity, fire resistance 2, cold vulnerability 1, float, innate
caster, HP casting, extra vitality 1
a: no special abilities


You were on level 5 of the Dungeon.
You visited 1 branch of the dungeon, and saw 5 of its levels.

You collected 294 gold pieces.

Inventory:

Armour
 a - a +0 robe (worn)
Jewellery
 c - an amulet of the acrobat
 h - a +6 ring of intelligence (left hand)
 m - an amulet of reflection (around neck)
 o - a +6 ring of dexterity
 q - a +4 ring of slaying
 v - a ring of resist corrosion
Wands
 C - a wand of iceblast (7)
Scrolls
 b - 8 scrolls of identify {unknown}
 d - a scroll of butterflies {unknown}
 f - 2 scrolls of vulnerability {unknown}
 g - 2 scrolls of poison {unknown}
 i - 4 scrolls of enchant weapon {unknown}
 r - a scroll of immolation {unknown}
 t - a scroll of noise {unknown}
 x - a scroll of enchant armour {unknown}
 y - a scroll of amnesia {unknown}
 B - a scroll of revelation {unknown}
Potions
 e - 4 potions of heal wounds {unknown}
 j - 2 potions of curing {unknown}
 k - a potion of degeneration {unknown}
 l - 4 potions of magic {unknown}
 n - a potion of lignification {unknown}
 p - 4 potions of berserk rage {unknown}
 s - a potion of cancellation {unknown}
 u - a potion of attraction {unknown}
 w - a potion of might {unknown}
 z - 2 potions of brilliance {unknown}
 A - a potion of mutation {unknown}


   Skills:
 - Level 5.0 Fighting
 - Level 2.1 Dodging
 - Level 1.5 Stealth
 + Level 5.4 Spellcasting
 + Level 5.4 Conjurations
 + Level 5.4 Hexes
   Level 0.0 Charms
 + Level 5.4 Summonings
 + Level 5.4 Necromancy
 + Level 5.4 Translocations
   Level 0.0 Transmutations
 + Level 5.4 Fire Magic
 + Level 5.4 Ice Magic
 + Level 5.4 Air Magic
 + Level 5.4 Earth Magic
 + Level 5.4 Alchemy


You knew the following spells:

 Your Spells              Type           Power      Damage    Failure   Level
a - Foxfire               Conj/Fire      100%       2x1d9     1%          1
b - Scorch                Fire           68%        2d7       1%          2
c - Volatile Blastmotes   Fire/Tloc      68%        2d15      2%          3
d - Inner Flame           Hex/Fire       34%        N/A       2%          3
e - Flame Wave            Conj/Fire      34%        2d10      9%          4
f - Summon Small Mammal   Summ           100%       N/A       1%          1
g - Momentum Strike       Conj/Tloc      68%        3d9       1%          2
h - Passwall              Erth           34%        N/A       2%          3
Your spell library was empty.

Dungeon Overview and Level Annotations

Branches:
Dungeon (5/15)
 Temple: D:4-7

Altars:


Innate Abilities, Weirdness & Mutations

You are immune to sickness and miasma.
You are immune to poison.
Your flesh is very heat resistant. (rF++)
You are vulnerable to cold. (rC-)
You float through the air rather than walking.
You learn spells naturally, not from books.
Your magical power is your life essence.
You have superior vitality. (+4 MHP)


Message History

Casting: Inner Flame (dangerous; 2% risk of failure)
Confirm with . or Enter, or press ? or * to list all spells.
A cloud of volatile blastmotes flares up around you!
Run!
You block the orc warrior's attack.
The cloud of blastmotes explodes!
The concussive blast engulfs the orc warrior.
Flame seeps out of the orc warrior.
The orc warrior is heavily wounded.
The concussive blast engulfs you. You resist.
You are knocked back by the blast.
You hear a shout!
Casting: Volatile Blastmotes (dangerous; 2% risk of failure)
Confirm with . or Enter, or press ? or * to list all spells.
Flames lash the orc warrior.
Flame seeps out of the orc warrior.
The orc warrior is severely wounded.
The orc warrior's fire resistance burns away.
The orc warrior is engulfed in blazing flames.
Flame seeps out of the orc warrior.
The orc warrior hits you with a +0 battleaxe!
The orc warrior attacks as it pursues you!
The orc warrior hits you with a +0 battleaxe!
Casting: Scorch (safe; 1% risk of failure)
Confirm with . or Enter, or press ? or * to list all spells.
You miscast Volatile Blastmotes.
You are very lightly contaminated with residual magic.
Nothing appears to happen.
* * * LOW HITPOINT WARNING * * *
The orc warrior is no longer more vulnerable to fire.
The orc warrior misses you.
Casting: Volatile Blastmotes (dangerous; 2% risk of failure)
Confirm with . or Enter, or press ? or * to list all spells.
A cloud of volatile blastmotes flares up around you!
Run!
* * * LOW HITPOINT WARNING * * *
The orc warrior hits you with a +0 battleaxe!
* * * LOW HITPOINT WARNING * * *
The cloud of blastmotes explodes!
The concussive blast engulfs the orc warrior but does no damage.
The orc warrior is severely wounded.
The concussive blast engulfs you! You resist.
You die...

#############
#......@o...##
#.########...# #.#
#...#### #.#
##......#
#.#######.......#
#.#.............#
#.#...##........###
#.#...##..........#
#.#...##.....##...#


You could see an orc warrior (inner flame).

Vanquished Creatures
  A black bear (D:5)
  A phantom (D:4)
  2 scorpions
  2 hounds (D:5)
  A jelly (D:4)
  2 iguanas
  Natasha (twice) (D:2)
  5 adders
  2 dart slugs
  2 ribbon worms
  4 orcs (D:3)
  6 bats
  4 endoplasms
  9 giant cockroaches
  7 goblins
  9 hobgoblins
  4 jackals (D:4)
  5 kobolds
  6 quokkas
  4 ball pythons
  4 frilled lizards
  6 rats
88 creatures vanquished.

Vanquished Creatures (others)
  211 foxfires
211 creatures vanquished.

Grand Total: 299 creatures vanquished

Notes
Turn   | Place    | Note
-------+----------+-------------------------------------------
     0 | D:1      | Glalom the Djinni Fire Elementalist began the quest for the
                  | Orb.
     0 | D:1      | Glalom set off with the following spells memorised:
                  | Foxfire, Scorch, Volatile Blastmotes, Inner Flame, Flame
                  | Wave.
     0 | D:1      | Reached XP level 1. HP: 15/15 MP: 0/0
   158 | D:1      | Reached XP level 2. HP: 20/21 MP: 0/0
   415 | D:1      | Reached XP level 3. HP: 24/25 MP: 0/0
   415 | D:1      | Learned a level 1 spell: Summon Small Mammal
   870 | D:2      | Noticed Natasha
   881 | D:2      | Killed Natasha
   882 | D:2      | Reached skill level 1 in Fighting
   882 | D:2      | Reached XP level 4. HP: 15/33 MP: 0/0
   989 | D:2      | Noticed Natasha
   991 | D:2      | Killed Natasha
  1064 | D:2      | Reached XP level 5. HP: 39/39 MP: 0/0
  1064 | D:2      | Learned a level 2 spell: Momentum Strike
  2241 | D:4      | Noticed a phantom
  2248 | D:4      | Killed a phantom
  2249 | D:4      | Reached XP level 6. HP: 40/48 MP: 0/0
  2318 | D:4      | Reached skill level 5 in Fighting
  2942 | D:5      | Entered Level 5 of the Dungeon
  2945 | D:5      | Reached XP level 7. HP: 52/54 MP: 0/0
  2945 | D:5      | Learned a level 3 spell: Passwall
  3042 | D:5      | Reached skill level 5 in Spellcasting
  3042 | D:5      | Reached skill level 5 in Conjurations
  3042 | D:5      | Reached skill level 5 in Hexes
  3042 | D:5      | Reached skill level 5 in Summonings
  3042 | D:5      | Reached skill level 5 in Necromancy
  3042 | D:5      | Reached skill level 5 in Translocations
  3042 | D:5      | Reached skill level 5 in Fire Magic
  3042 | D:5      | Reached skill level 5 in Ice Magic
  3042 | D:5      | Reached skill level 5 in Air Magic
  3042 | D:5      | Reached skill level 5 in Earth Magic
  3042 | D:5      | Reached skill level 5 in Alchemy
  3161 | D:5      | Killed themself with a badly aimed concussive blast

Illustrated notes

Levels and vault maps discovered:
D:1:      minmay_arrival_open_corners, layout_loops_ring,
          minmay_worlds_worst_comb
D:2:      layout_basic, glass_columns_a, dk_noncrumbling_3,
          kennysheep_crisscross, grunt_ministairs_3, uniq_natasha
D:3:      layout_basic, guppyfry_early_orc_mine
D:4:      layout_loops_ring
D:5:      layout_basic, nzn_overflow_gifts_of_might_and_magic,
          mainiacjoe_overflow_small_starburst, temple_hall, serial_shops, shop

Skill      XL: |  1  2  3  4  5  6  7 |
---------------+----------------------+-----
Spellcasting   | 4 5 |  5.4
Conjurations   | 4 5 |  5.4
Hexes          | 4 5 |  5.4
Summonings     | 4 5 |  5.4
Necromancy     | 4 5 |  5.4
Translocations | 4 5 |  5.4
Fire Magic     | 4 5 |  5.4
Ice Magic      | 4 5 |  5.4
Air Magic      | 4 5 |  5.4
Earth Magic    | 4 5 |  5.4
Alchemy        | 4 5 |  5.4
Fighting       | 1 2 4 5 |  5.0
Dodging        | |  2.1
Stealth        | |  1.5

Action                     |  1- 3 |  4- 6 |  7- 9 || total
---------------------------+-------+-------+-------++-------
   Cast: Foxfire           |    40 |    80 |    16 ||   136
         Scorch            |     5 |    11 |     4 ||    20
         Volatile Blastmot |       |     1 |     2 ||     3
         Inner Flame       |       |       |     1 ||     1
 Armour: Robe              |     5 |     9 |     5 ||    19
  Dodge: Dodged            |    14 |    11 |     2 ||    27
  Block: Other             |     1 |     3 |     2 ||     6
